 Dungeon Crawl Stone Soup version 0.25-a0-404-gc1b5a34 (webtiles) character file.

Game seed: 17419496730798228111, levelgen mode: deterministic

32 Firecrotchwizard the Firebug (level 2, -1/20 HPs)
             Began as a Demigod Fire Elementalist on Jan 11, 2020.
             Succumbed to a kobold's poison
             ... on level 1 of the Dungeon.
             The game lasted 00:02:54 (923 turns).

Firecrotchwizard the Firebug (DgFE)                  Turns: 923, Time: 00:02:55

Health: -1/20      AC:  2    Str: 11    XL:     2   Next: 93%
Magic:  5/7        EV: 12    Int: 19    God:
Gold:   27         SH:  0    Dex: 16    Spells: 4/5 levels left

rFire    . . .     SeeInvis .   m - +4 dagger
rCold    . . .     Gourm    .   (no shield)
rNeg     . . .     Faith    .   a - +0 robe
rPois    .         Spirit   .   (no helmet)
rElec    .         Reflect  .   (no cloak)
rCorr    .         Harm     .   (no gloves)
MR       .....                  (no boots)
Stlth    ++........             (no amulet)
HPRegen  0.06/turn              (no ring)
MPRegen  0.10/turn              (no ring)

@: lethally poisoned (-1 -> -37)
A: high mp 1
a: no special abilities


You were on level 1 of the Dungeon.
You were not hungry.

You visited 1 branch of the dungeon, and saw 1 of its levels.

You collected 27 gold pieces.

Inventory:

Hand Weapons
 k - a +0 dagger
   (You took it off a kobold on level 1 of the Dungeon)
 m - a +4 dagger (weapon)
   (You took it off a goblin on level 1 of the Dungeon)
Armour
 a - a +0 robe (worn)
Jewellery
 g - a cursed amulet of inaccuracy {unknown}
   (You found it on level 1 of the Dungeon)
 l - an uncursed amulet of guardian spirit {unknown}
   (You found it on level 1 of the Dungeon)
Scrolls
 b - 2 scrolls of teleportation {unknown}
 e - a scroll of fear {unknown}
 f - a scroll of identify {unknown}
 h - 2 scrolls of remove curse {unknown}
 i - a scroll of fog {unknown}
 n - a scroll of amnesia {unknown}
Potions
 d - a potion of berserk rage {unknown}
Comestibles
 c - a ration
 j - 2 chunks of flesh {@w0}


   Skills:
 - Level 1.7 Dodging
 - Level 1.7 Stealth
 + Level 2.1 Spellcasting
 * Level 2.0 Conjurations
 + Level 3.0 Fire Magic


You had 4 spell levels left.
You knew the following spells:

 Your Spells              Type           Power        Failure   Level  Hunger
a - Foxfire               Conj/Fire      ##..         6%          1    #......

Your spell library contained the following spells:

 Spells                   Type           Power        Failure   Level  Hunger
 Conjure Flame            Conj/Fire      ##......     17%         3    ###....
 Inner Flame              Hex/Fire       #.......     26%         3    ###....
 Sticky Flame             Conj/Fire      ##......     50%         4    #####..
 Fireball                 Conj/Fire      ##........   85%         5    ######.


Dungeon Overview and Level Annotations

Branches:
Dungeon (1/15)


Innate Abilities, Weirdness & Mutations

You have an increased reservoir of magic. (+10% MP)


Message History

You conjure some foxfire!
The foxfire hits the leopard gecko.
You kill the leopard gecko!
You now have 5/7 mp.
No target in view!
You see here a dagger.
Some of the chunks of flesh in your inventory have rotted away.
You open the door.
There is an open door here.
n - a scroll labeled XEAMAWOOBUH
There is an open door here.
You now have 27 gold pieces (gained 4).
There is an open door here.
As you open the door, it creaks loudly!
A frilled lizard and a goblin come into view.
The goblin shouts!
The frilled lizard hisses angrily.
Found a stone staircase leading down.
MP restored: 7 You conjure some foxfire!
A bat comes into view.
You now have 6/7 mp.
The foxfire hits the goblin.
Nothing appears to happen.
The goblin hits you but does no damage.
You now have 5/7 mp.
You barely miss the goblin. The goblin barely misses you.
You puncture the goblin!
You kill the goblin!
The bat hits you but does no damage. The bat closely misses you.
You closely miss the bat. The bat hits you but does no damage.
You closely miss the frilled lizard. The frilled lizard bites you.
You take 1 damage, and have 19/20 hp.
You closely miss the frilled lizard. The frilled lizard barely misses you.
You closely miss the frilled lizard. The frilled lizard barely misses you.
You hit the frilled lizard.
You kill the frilled lizard!
The bat hits you.
You take 1 damage, and have 18/20 hp.
The bat hits you but does no damage.
There is an open door here.
You see here a +0 club.
The bat hits you but does no damage.
You hit the bat. The bat hits you but does no damage.
The bat closely misses you. The bat misses you.
You conjure some foxfire!
The bat hits you but does no damage. x2
You now have 5/7 mp.
You completely miss the bat.
The foxfire hits the bat.
You kill the bat!
You see here a bat corpse.
You butcher the bat corpse.
j - 6 chunks of flesh {@w0} (gained 1)
You see here a bat skeleton.
You start resting.
Health restored: 20; MP restored: 7 You open the door.
There is an open door here.
There is an open door here.
Some of the chunks of flesh in your inventory have rotted away.
You open the door.
A kobold comes into view. It is wielding a +1 dagger of venom.
The kobold shouts!
The kobold throws a stone.
The stone hits you but does no damage.
A frilled lizard comes into view.
Found a glowing golden altar of the Shining One.
There are monsters nearby!
The kobold throws a stone.
The stone barely misses you.
There is an open door here.
The frilled lizard hisses angrily.
The kobold barely misses you.
The frilled lizard bites you but does no damage.
You barely miss the kobold. The kobold closely misses you.
The frilled lizard closely misses you.
You hit the kobold but do no damage. The frilled lizard bites you.
The kobold completely misses you.
You take 3 damage, and have 17/20 hp.
You completely miss the kobold.
The kobold hits you with a +1 dagger of venom.
You are poisoned.
The frilled lizard misses you.
You take 2 damage, and have 15/20 hp.
You conjure some foxfire!
You feel sick.
The kobold hits you with a +1 dagger of venom.
You are lethally poisoned!
The frilled lizard barely misses you.
You take 4 damage, and have 11/20 hp.
You now have 6/7 mp.
You closely miss the kobold.
You feel sick.
The foxfire hits the kobold.
The foxfire hits the frilled lizard.
You kill the frilled lizard!
The kobold hits you with a +1 dagger of venom.
* * * LOW HITPOINT WARNING * * *
You are more poisoned.
You take 7 damage, and have 4/20 hp.
MASSIVE DAMAGE!!
You conjure some foxfire!
* * * LOW HITPOINT WARNING * * *
You feel sick.
The kobold hits you with a +1 dagger of venom.
* * * LOW HITPOINT WARNING * * *
You are more poisoned.
You take 2 damage, and have 2/20 hp.
You now have 5/7 mp.
You die...

######## #((....# ##'####.#
#♣.@v♣##.# ### #...v.##.# ..##
#♣†K.♣##.# #..# #.....##.#
##.## ###_####.### #..#
######...# ##.## #.....#
###..##############.....######
..................'..>..)....#


You could see a kobold.

Vanquished Creatures
  An ooze (D:1)
  A dart slug (D:1)
  A leopard gecko (D:1)
  2 bats (D:1)
  2 giant cockroaches (D:1)
  3 goblins (D:1)
  2 hobgoblins (D:1)
  2 jackals (D:1)
  4 kobolds (D:1)
  A ball python (D:1)
  4 frilled lizards (D:1)
  A rat (D:1)
24 creatures vanquished.

Vanquished Creatures (others)
  51 foxfires (D:1)
51 creatures vanquished.

Grand Total: 75 creatures vanquished

Notes
Turn   | Place    | Note
-------+----------+-------------------------------------------
     0 | D:1      | Firecrotchwizard the Demigod Fire Elementalist began the
                  | quest for the Orb.
     0 | D:1      | Reached XP level 1. HP: 14/14 MP: 5/5
    24 | D:1      | Reached skill level 1 in Conjurations
   455 | D:1      | Reached XP level 2. HP: 16/20 MP: 4/7
   457 | D:1      | Reached skill level 2 in Spellcasting
   760 | D:1      | Reached skill level 3 in Fire Magic
   762 | D:1      | Reached skill level 2 in Conjurations
   913 | D:1      | Found a glowing golden altar of the Shining One.
   921 | D:1      | HP: 4/20 [kobold/+1 dagger of venom (5)]
   923 | D:1      | Succumbed to a kobold's poison

Levels and vault maps discovered:
D:1:      lightli_arrival_flooded_house, layout_basic, tso_altar

Skill      XL: |  1  2 |
---------------+-------+-----
Conjurations   | 1 2 |  2.0
Spellcasting   | 2 |  2.1
Fire Magic     | 3 |  3.0
Dodging        | |  1.7
Stealth        | |  1.7

Action                   || total
-------------------------++-------
Melee: Unarmed           ||     3
       Dagger            ||    19
 Cast: Foxfire           ||    34
Armor: Robe              ||    11
Dodge: Dodged            ||    24

Table legend:
 A = Non-vault XP
 B = Vault XP
 C = Vault XP percentage of total XP
 D = Non-vault monster count
 E = Vault monster count
 F = Vault count percentage of total count
                 A         B        C        D         E       F
            +---------+---------+-------+---------+---------+-------
      Total |      46 |       0 |   0.0 |      24 |       0 |   0.0
            +---------+---------+-------+---------+---------+-------
        D:1 |      46 |       0 |   0.0 |      24 |       0 |   0.0
            +---------+---------+-------+---------+---------+-------

Levels and vault maps discovered:
D:1:      lightli_arrival_flooded_house, layout_basic, tso_altar

Table legend:
 A = Turns spent in this place as a percentage of turns spent in the entire game.
 B = Non-inter-level travel turns spent in this place as a percentage of non-inter-level travel turns spent in the entire game.
 C = Inter-level travel turns spent in this place as a percentage of turns spent in this place.
 D = Turns resting spent in this place as a percentage of non-inter-level travel turns spent in this place.
 E = Turns spent auto-exploring this place as a percentage of non-inter-level travel turns spent in this place.
 F = Non-inter-level travel turns spent in this place divided by the number of levels of this place that you've seen.
                   A       B       C       D       E      F
               +-------+-------+-------+-------+-------+----------------------
         Total | 100.0 | 100.0 |   0.0 |  54.8 |  26.3 | 923.0
       Dungeon | 100.0 | 100.0 |   0.0 |  54.8 |  26.3 | 923.0
               +-------+-------+-------+-------+-------+----------------------

Table legend:
 A = Kills in this place as a percentage of kills in entire the game.
 B = Kills by you in this place as a percentage of kills by you in the entire game.
 C = Kills by friends in this place as a percentage of kills by friends in the entire game.
 D = Other kills in this place as a percentage of other kills in the entire game.
 E = Experience gained in this place as a percentage of experience gained in the entire game.
 F = Experience gained in this place divided by the number of levels of this place that you have seen.
                   A       B       C       D       E      F
               +-------+-------+-------+-------+-------+----------------------
         Total | 100.0 | 100.0 |   N/A |   N/A | 100.0 |  46.0
       Dungeon | 100.0 | 100.0 |   N/A |   N/A | 100.0 |  46.0
               +-------+-------+-------+-------+-------+----------------------
